 Dungeon Crawl Stone Soup version 0.31-a0-836-g3ceb0a68c4 (webtiles) character file.

Game seed: 6227299556847506036

71 demibob the Ruffian (level 4, -3/38 HPs)
             Began as a Draconian Chaos Knight on Sept 27, 2023.
             Was a Plaything of Xom.
             Slain by a gnoll
             ... wielding a +0 halberd
              (11 damage)
             ... on level 2 of the Dungeon.
             The game lasted 00:02:53 (1460 turns).

demibob the Ruffian (Draconian Chaos Knight)        Turns: 1460, Time: 00:02:55

Health: -3/38      AC:  5    Str: 14    XL:     4   Next: 5%
Magic:  4/4        EV: 12    Int: 12    God:    Xom [....*.]
Gold:   73         SH:  0    Dex: 13    Spells: 3/3 levels left

rFire   + .          .
                       - Unarmed
rCold   + . .        (no shield)
rNeg    . . .        (body armour unavailable)
rPois   +            (helmet restricted)
rElec   +            (no cloak)
rCorr   +            (no gloves)
SInv    .            (no boots)
Will    .....        (no amulet)
Stlth   +            (no ring)
HPRegen 0.26/turn    (no ring)
MPRegen 0.09/turn

%: no passive effects
@: mighty, resistant
A: AC +5, unfitting armour, cold-blooded
a: Renounce Religion


You were on level 2 of the Dungeon.
You worshipped Xom.
You were a beloved toy of Xom.
You visited 1 branch of the dungeon, and saw 2 of its levels.

You collected 73 gold pieces.


Innate Abilities, Weirdness & Mutations

Your plain brown scales are hard. (AC +5)
You cannot fit into any form of body armour.
You are cold-blooded and may be slowed by cold attacks.


   Skills:
 - Level 3.2 Fighting
 + Level 1.3 Staves
 - Level 2.1 Dodging
 - Level 4.4 Unarmed Combat
 + Level 0.8 Poison Magic


You had 3 spell levels left.
You didn't know any spells.
Your spell library contained the following spells:

 Spells                   Type           Power      Damage    Failure   Level
 Inner Flame              Hex/Fire       0%         N/A       69%         3
 Yara's Violent Unravell  Hex/Tmut       0%         3d3       100%        5
 Enfeeble                 Hex            0%         N/A       100%        7

Inventory:

Magical Staves
 f - the staff of Honour {Fly rPois Str+2 Poison, !a}
   (You acquired it on level 1 of the Dungeon)

   [staff of poison]

   Base accuracy: +5 Base damage: 5 Base attack delay: 1.2 This weapon's minimum
   attack delay (0.6) is reached at skill level 12.
   Str+2:     It affects your strength (+2).
   rPois:     It protects you from poison Fly: It grants you flight.
   Poison:    It increases the power of your Poison spells.
   It falls into the 'Staves' category.
   It is a one-handed weapon.
Scrolls
 b - 2 scrolls of identify {@r1}
Potions
 e - a potion of resistance

Dungeon Overview and Level Annotations

Branches:
Dungeon (2/15)

Altars:
Xom

######.########.
#........g....#.
#.##....g.).#.#.
#bbb.b.#...#.
#..b.bb+g#.#.
#########gggbbb#g###.
#.ggg....g..####.#...
#.##############.#.#.
#.@gg.⚑...g....#.#.
################.#.
#.#. #.#. ###'#.
#..... #..... #.....
#.....


You could see 2 gnolls.


Message History

Xom gives a demonstration of destructive might.
Your butterfly is outlined in light.
The gnoll is outlined in light.
The gnoll closely misses your butterfly.
The gnoll hits your butterfly with a +0 spear!
Your butterfly dies!
Your butterfly disappears in a puff of smoke!
Unknown command.
The gnoll hits your butterfly with a +0 spear.
Your butterfly dies!
Your butterfly disappears in a puff of smoke!
Okay, then.
You float gracefully downwards.
You feel a little less mighty now. The gnoll barely misses your butterfly.
The gnoll hits your butterfly with a +0 spear!
Your butterfly dies!
Your butterfly disappears in a puff of smoke!
Your enlightenment fades.
The gnoll stops glowing. "There, this looks better."
Okay, then.
You feel very mighty all of a sudden.
The gnoll hits you from afar with a +0 spear.
* * * LOW HITPOINT WARNING * * *
The gnoll hits you with a +0 spear.
* * * LOW HITPOINT WARNING * * *
The gnoll hits you from afar with a +0 halberd!
You die...
Xom is highly amused!

Skill      XL: |  1  2  3 |
---------------+----------+-----
Unarmed Combat | 4 |  4.4
Staves         | 1 |  1.3
Fighting       | |  3.2
Dodging        | |  2.1
Poison Magic   | |  0.8

Action                     |  1- 3 |  4- 6 || total
---------------------------+-------+-------++-------
  Melee: Unarmed           |   134 |     3 ||   137
         Tailslap          |    12 |     1 ||    13
         Punch             |     3 |       ||     3
    Use: Potion            |     5 |     1 ||     6
         Scroll            |     4 |     1 ||     5
   Stab: Sleeping          |     1 |       ||     1
 Armour: Skin              |    72 |     8 ||    80
  Dodge: Dodged            |    81 |     1 ||    82

Levels and vault maps discovered:
D:1:      lightli_arrival_lavapool, layout_basic, hex_tiny,
          minmay_misc_feat_more_columns
D:2:      layout_basic

Notes
Turn   | Place    | Note
-------+----------+-------------------------------------------
     0 | D:1      | demibob the Draconian Chaos Knight began the quest for the
                  | Orb.
     0 | D:1      | Reached XP level 1. HP: 19/19 MP: 1/1
   139 | D:1      | Reached XP level 2. HP: 26/26 MP: 2/2
   274 | D:1      | Reached skill level 4 in Unarmed Combat
   495 | D:1      | XOM: silly message
   649 | D:1      | Reached XP level 3. HP: 31/31 MP: 3/3
  1005 | D:1      | Identified a scroll of acquirement
  1005 | D:1      | Acquired the staff of Honour {Fly rPois Str+2 Poison}
  1034 | D:1      | XOM: silly message
  1294 | D:2      | XOM: silly message
  1370 | D:2      | Reached skill level 1 in Staves
  1401 | D:2      | Identified 2 potions of resistance
  1414 | D:2      | XOM: enchant monster (good)
  1428 | D:2      | Reached XP level 4. HP: 19/38 MP: 4/4
  1429 | D:2      | XOM: silly message
  1442 | D:2      | XOM: scenery: summon butterflies
  1449 | D:2      | >>okay
  1451 | D:2      | XOM: fake destruction
  1458 | D:2      | XOM: scenery: create altars
  1460 | D:2      | Slain by a gnoll

Vanquished Creatures
  A gnoll (D:2)
  A dart slug (D:2)
  2 ball pythons
  5 endoplasms
  3 giant cockroaches
  5 goblins
  2 hobgoblins
  10 jackals
  6 kobolds
  4 quokkas
  2 bats (D:1)
  3 frilled lizards (D:1)
  7 rats
51 creatures vanquished.

Table legend: (Time is in decaauts)
 A = Elapsed time spent in this place.
 B = Non-inter-level travel time spent in this place.
 C = Inter-level travel time spent in this place.
 D = Time resting spent in this place.
 E = Time spent auto-exploring this place.
 F = Levels seen in this place.
 G = Mean time per level.
                   A        B        C        D        E       F      G
               +--------+--------+--------+--------+--------+-----+--------+
         Total |   1449 |   1415 |     34 |      8 |   1089 |   2 |  724.5 |
       Dungeon |   1449 |   1415 |     34 |      8 |   1089 |   2 |  724.5 |
               +--------+--------+--------+--------+--------+-----+--------+

Top non-repeatable levels by time:
     D:1: 1035 daAuts
     D:2: 413 daAuts

Table legend:
 A = Non-vault XP
 B = Vault XP
 C = Vault XP percentage of total XP
 D = Non-vault monster count
 E = Vault monster count
 F = Vault count percentage of total count
                 A         B        C        D         E       F
            +---------+---------+-------+---------+---------+-------
      Total |     102 |       0 |   0.0 |      51 |       0 |   0.0
            +---------+---------+-------+---------+---------+-------
        D:1 |      60 |       0 |   0.0 |      36 |       0 |   0.0
        D:2 |      42 |       0 |   0.0 |      15 |       0 |   0.0
            +---------+---------+-------+---------+---------+-------
